 Dungeon Crawl Stone Soup version 0.25-a0-86-ga6f17ae7d4 (webtiles) character file.

Game seed: 9179452738123304738, levelgen mode: deterministic

4944 D1HalberdGnoll the Scholar of Death (level 10, -5/76 HPs)
             Began as a Vampire Necromancer on Nov 9, 2019.
             Was a Follower of Kikubaaqudgha.
             Killed from afar by Erica (20 damage)
             ... with an orb of energy
             ... on level 8 of the Dungeon.
             The game lasted 00:23:14 (10975 turns).

D1HalberdGnoll the Scholar of Death (VpNe)         Turns: 10975, Time: 00:23:15

Health: -5/76      AC:  4    Str:  9    XL:     10   Next: 28%
Magic:  3/20       EV: 14    Int: 20    God:    Kikubaaqudgha [*.....]
Gold:   447        SH: 10    Dex: 14    Spells: 11/22 levels left

rFire    + . .     SeeInvis +   z - +0 mace (crush)
rCold    + . .     Gourm    .   q - +2 shield
rNeg     . . .     Faith    .   w - +0 leather armour
rPois    .         Spirit   .   n - +0 helmet
rElec    .         Reflect  .   (no cloak)
rCorr    .         Harm     .   (no gloves)
MR       +....                  (no boots)
Stlth    ++........             p - amulet of magic regeneration
HPRegen  0.42/turn              s - ring of protection from cold
MPRegen  0.42/turn              j - ring of protection from fire

@: lethally poisoned (-5 -> -11), regenerating quickly
A: no food, fangs 3, see invisible, unbreathing
a: Exsanguinate, Receive Corpses, Renounce Religion


You were on level 8 of the Dungeon.
You worshipped Kikubaaqudgha.
Kikubaaqudgha was aware of your devotion.
You were alive.

You visited 2 branches of the dungeon, and saw 9 of its levels.

You collected 447 gold pieces.

Inventory:

Hand Weapons
 z - a +0 mace of crushing (weapon)
Missiles
 m - 40 poisoned darts (quivered)
 y - 2 throwing nets
Armour
 n - a +0 helmet (worn)
 q - a +2 shield (worn)
 w - a +0 leather armour (worn)
Jewellery
 a - an uncursed ring of resist corrosion
 j - a ring of protection from fire (right hand)
 p - an amulet of magic regeneration (around neck)
 s - a ring of protection from cold (left hand)
 t - a +4 ring of intelligence
 B - a +4 ring of evasion {unknown}
Wands
 v - a wand of digging (1)
 x - a wand of acid (4)
Scrolls
 b - 2 scrolls of remove curse
 d - a scroll of enchant armour
 e - 5 scrolls of teleportation
 g - 3 scrolls of blinking
 h - 2 scrolls of enchant weapon
 i - 3 scrolls of identify
 l - 3 scrolls of amnesia
Potions
 c - a potion of ambrosia {unknown}
 f - 5 potions of curing
 k - 3 potions of lignification {unknown}
 r - 3 potions of might
 u - 2 potions of cancellation {unknown}
 A - 2 potions of brilliance {unknown}


   Skills:
 + Level 6.2 Fighting
 + Level 7.9 Dodging
 - Level 3.0 Stealth
 + Level 3.7 Shields
 + Level 6.6 Spellcasting
 - Level 10.0 Necromancy


You had 11 spell levels left.
You knew the following spells:

 Your Spells              Type           Power        Failure   Level  Hunger
a - Pain                  Necr           ####         1%          1    N/A
b - Vampiric Draining     Necr           #####.....   2%          3    N/A
c - Animate Dead          Necr           N/A          10%         4    N/A
l - Sublimation of Blood  Necr           #####.....   1%          2    N/A
s - Animate Skeleton      Necr           N/A          1%          1    N/A

Your spell library contained the following spells:

 Spells                   Type           Power        Failure   Level  Hunger
 Regeneration             Chrm/Necr      ####......   22%         3    N/A

Dungeon Overview and Level Annotations

Branches:
Dungeon (8/15)             Temple (1/1) D:7
   Lair: D:8-11

Altars:
Ashenzari
Cheibriados
Dithmenos
Elyvilon
Fedhas
Gozag
Hepliaklqana
Kikubaaqudgha
Makhleb
Nemelex Xobeh
Okawaru
Qazlal
Ru
Sif Muna
Trog
Uskayaw
Vehumet
Wu Jian
Xom
Yredelemnul
Zin
The Shining One

Shops:
D:8 *

Annotations:
D:2 Sigmund
D:6 Menkaure
D:8 Erica


Innate Abilities, Weirdness & Mutations

You do not eat.
Your natural rate of healing is unusually fast.
You have razor-sharp teeth.
You have supernaturally acute eyesight. (SInv)
You can survive without breathing.


Message History

You hit Erica.
Erica is almost dead.
You feel sick.
Erica points at you and mumbles some strange words.
The bolt of poison hits you!!
You are more poisoned.
* * * LOW HITPOINT WARNING * * *
Erica gestures at you while chanting. The orb of energy hits you!
* * * LOW HITPOINT WARNING * * *
The orb of energy explodes!
The mystic blast hits your worker ant zombie!!
Your worker ant zombie is destroyed!
You barely miss Erica. Your bite misses Erica.
Erica is almost dead.
You feel sick. Erica casts a spell at you. The orb of energy hits you!!
You die...
Kikubaaqudgha rasps: "You have failed me!
Welcome... death!"

............#
##..........#
............#
##.........##
............#
####.......# #
............#
#####...###
..........#.# #......
#.........#.## ######
##....#
#........##..###....###
###..##
#......####..#........#
#...... #.....##
#.....@@....# #......
......## ##...........#
#.......
..>....###............#
#.......
.........[...).(......#
#.......
.....................##
#........
.........._........).#
#........
##...................#
.........
#####................
........ ##............
....


You could see Erica (invisible).

Vanquished Creatures
  Grinder (D:5)
  A wyvern (D:8)
  A hungry ghost (D:8)
  Eustachio (D:5)
  Duvessa (D:5)
  5 orc warriors
  2 ice beasts
  3 phantoms
  7 ogres
  4 centaurs
  Blork the orc (D:5)
  2 bullfrogs
  3 scorpions
  Dowan (D:5)
  3 wights
  6 howler monkeys
  4 crimson imps
  5 orc priests
  A centaur skeleton (D:4)
  2 bullfrog skeletons
  5 hounds
  3 iron imps (D:5)
  Natasha (thrice) (D:2)
  9 orc wizards
  3 iguanas
  5 worker ants
  A hound skeleton (D:5)
  A howler monkey zombie (D:5)
  A worker ant zombie (D:6)
  6 gnolls
  7 adders
  A howler monkey skeleton (D:6)
  3 shadow imps
  An ooze (D:2)
  An adder zombie (D:5)
  An adder skeleton (D:4)
  A worm (D:6)
  2 dart slugs
  A leopard gecko (D:1)
  33 orcs
  5 bats
  7 giant cockroaches
  2 gnoll zombies (D:7)
  10 goblins
  7 hobgoblins
  4 jackals
  4 quokkas
  A ball python (D:5)
  6 frilled lizards
  A giant cockroach zombie (D:5)
  12 kobolds
  12 rats
213 creatures vanquished.

Vanquished Creatures (collateral kills)
  A sky beast (D:7)
  A big kobold (D:7)
  A scorpion (D:7)
  A howler monkey (D:8)
  A jelly (D:6)
  A crimson imp (D:7)
  A centaur zombie (D:8)
  An orc priest (D:3)
  A worker ant (D:8)
  A hound zombie (D:7)
  An adder (D:7)
  2 oozes (D:7)
  3 orcs
  A hobgoblin (D:1)
  5 kobolds
  2 rats (D:1)
24 creatures vanquished.

Grand Total: 237 creatures vanquished

Notes
Turn   | Place    | Note
-------+----------+-------------------------------------------
     0 | D:1      | D1HalberdGnoll the Vampire Necromancer began the quest for
                  | the Orb.
     0 | D:1      | Reached XP level 1. HP: 13/13 MP: 3/3
    71 | D:1      | Reached XP level 2. HP: 19/20 MP: 0/5
    97 | D:1      | Learned a level 1 spell: Animate Skeleton
   679 | D:1      | Reached XP level 3. HP: 25/25 MP: 4/6
   691 | D:1      | Reached skill level 1 in Fighting
  1109 | D:2      | Found a sparkling altar of Nemelex Xobeh.
  1136 | D:2      | Reached skill level 5 in Necromancy
  1250 | D:2      | Noticed Sigmund
  1267 | D:2      | Learned a level 3 spell: Vampiric Draining
  1353 | D:2      | Noticed Natasha
  1364 | D:2      | Killed Natasha
  1364 | D:2      | Reached XP level 4. HP: 18/32 MP: 0/7
  1797 | D:2      | Noticed Natasha
  1802 | D:2      | Killed Natasha
  1802 | D:2      | Reached XP level 5. HP: 36/38 MP: 3/9
  2013 | D:2      | Noticed Natasha
  2025 | D:2      | Killed Natasha
  2202 | D:3      | Learned a level 4 spell: Animate Dead
  2298 | D:3      | Reached skill level 6 in Necromancy
  2554 | D:3      | Found a faded altar of an unknown god.
  2650 | D:3      | Found an ornate altar of the Wu Jian Council.
  2715 | D:3      | Reached XP level 6. HP: 43/44 MP: 6/10
  3106 | D:4      | Found a shadowy altar of Dithmenos.
  3203 | D:4      | Found a shattered altar of Ashenzari.
  3346 | D:4      | Reached XP level 7. HP: 22/51 MP: 2/12
  3628 | D:4      | Found a shimmering blue altar of Sif Muna.
  3743 | D:4      | Reached skill level 7 in Necromancy
  4333 | D:5      | Entered Level 5 of the Dungeon
  4375 | D:5      | Found a bloodstained altar of Trog.
  4378 | D:5      | Noticed Grinder
  4383 | D:5      | Killed Grinder
  4383 | D:5      | Reached skill level 5 in Dodging
  4383 | D:5      | Reached skill level 8 in Necromancy
  4383 | D:5      | Reached XP level 8. HP: 49/60 MP: 11/14
  4432 | D:5      | Found a shimmering altar of Xom.
  4432 | D:5      | Found a blossoming altar of Fedhas.
  4610 | D:5      | Noticed Eustachio
  4659 | D:5      | Killed Eustachio
  5439 | D:5      | Noticed Blork the orc
  5459 | D:5      | Killed Blork the orc
  5459 | D:5      | Reached skill level 9 in Necromancy
  5491 | D:5      | Found a burning altar of Makhleb.
  5587 | D:5      | Reached skill level 5 in Spellcasting
  6541 | D:5      | Noticed Dowan
  6549 | D:5      | Killed Dowan
  6564 | D:5      | Noticed Duvessa
  6580 | D:5      | Killed Duvessa
  6580 | D:5      | Reached XP level 9. HP: 19/66 MP: 0/16
  7477 | D:6      | Noticed Menkaure
  8424 | D:6      | Found a white marble altar of Elyvilon.
  8516 | D:6      | Reached skill level 1 in Shields
  8554 | D:6      | Reached skill level 5 in Fighting
  8961 | D:6      | Reached skill level 10 in Necromancy
  9488 | D:7      | Found a staircase to the Ecumenical Temple.
  9501 | Temple   | Entered the Ecumenical Temple
  9699 | Temple   | Became a worshipper of Kikubaaqudgha
  9843 | D:7      | Found a sparkling altar of Nemelex Xobeh.
  9878 | D:7      | Found a stormy altar of Qazlal.
 10169 | D:7      | Reached XP level 10. HP: 61/76 MP: 16/19
 10179 | D:7      | Reached * piety under Kikubaaqudgha
 10179 | D:7      | Identified Kikubaaqudgha's Collected Works on Sinister
                  | Rituals (Kikubaaqudgha gifted it to you on level 7 of the
                  | Dungeon)
 10179 | D:7      | Received a gift from Kikubaaqudgha
 10328 | D:7      | Learned a level 2 spell: Sublimation of Blood
 10448 | D:7      | Found a basalt altar of Yredelemnul.
 10684 | D:8      | Found Niojam's General Store.
 10936 | D:8      | Found a snail-covered altar of Cheibriados.
 10951 | D:8      | Noticed Erica
 10975 | D:8      | Killed from afar by Erica

Levels and vault maps discovered:
D:1:      dpeg_arrival_ratfight, layout_basic, serial_bayou,
          serial_bayou_crossing, serial_bayou_pond_c, serial_bayou_shore_b,
          serial_bayou_lake_a
D:2:      layout_loops_cross, nemelex_xobeh_ov_fountains_minmay, uniq_natasha,
          uniq_sigmund
D:3:      layout_loops_cross, lemuel_crystal_altar,
          chequers_ecumenical_altar_simple_redux
D:4:      layout_loops_cross, ashenzari_conservatory_becter,
          nicolae_dithmenos_the_darkroom, nicolae_overflow_hidden_temple,
          first_ration, chequers_arboretum, hex_large
D:5:      layout_basic, demons_altar, gammafunk_temple_overflow_elements,
          trog_three_pillars_becter, uniq_blork_the_orc, uniq_duvessa,
          uniq_grinder, uniq_eustachio
D:6:      layout_basic, kennysheep_mini_moat, uniq_menkaure
D:7:      layout_cave_pools, lemuel_zombie_altar_yredelemnul,
          nicolae_overflow_crystal_walls, minmay_temple_entry_mini_moons,
          kennysheep_donut, grunt_ogre_cave, nemelex_dance_club_becter
D:8:      layout_cave_pods, serial_shops, shop, basic_altar, uniq_erica
Temple:   minmay_temple_curvy_loop

Skill      XL: |  1  2  3  4  5  6  7  8  9 10 |
---------------+-------------------------------+-----
Fighting       | 1 2 3 4 5 6 |  6.2
Necromancy     | 5 6 8 9 10 | 10.0
Dodging        | 3 4 5 6 7 |  7.9
Spellcasting   | 3 4 5 6 |  6.6
Shields        | 3 |  3.7
Stealth        | |  3.0

Action                   |  1- 3 |  4- 6 |  7- 9 | 10-12 || total
-------------------------+-------+-------+-------+-------++-------
Melee: Mace              |    20 |       |   209 |    77 ||   306
       Bite              |     7 |     3 |    88 |     7 ||   105
       Whip              |    48 |    73 |   664 |       ||   785
Throw: Dart              |       |       |     9 |       ||     9
 Cast: Pain              |    35 |    82 |   114 |    39 ||   270
       Animate Skeleton  |    10 |    10 |     9 |     4 ||    33
       Vampiric Draining |       |     6 |    30 |    21 ||    57
       Animate Dead      |       |     1 |     8 |     2 ||    11
Evoke: Wand              |       |     2 |    26 |     3 ||    31
  Use: Scroll            |       |     9 |     4 |     2 ||    15
       Potion            |       |       |     2 |     1 ||     3
 Stab: Sleeping          |     4 |       |     5 |       ||     9
       Paralysed         |       |       |    32 |       ||    32
       Distracted        |       |       |     3 |       ||     3
Armor: Robe              |    13 |    11 |    25 |       ||    49
       Leather armour    |       |       |   148 |    13 ||   161
Dodge: Dodged            |    69 |    65 |   519 |    59 ||   712
Block: Shield            |       |       |   274 |    73 ||   347

Table legend:
 A = Non-vault XP
 B = Vault XP
 C = Vault XP percentage of total XP
 D = Non-vault monster count
 E = Vault monster count
 F = Vault count percentage of total count
                 A         B        C        D         E       F
            +---------+---------+-------+---------+---------+-------
      Total |    5925 |    1138 |  16.1 |     218 |      19 |   8.0
            +---------+---------+-------+---------+---------+-------
        D:1 |      40 |       5 |  11.1 |      24 |       5 |  17.2
        D:2 |     181 |      36 |  16.6 |      27 |       1 |   3.6
        D:3 |     136 |       0 |   0.0 |      25 |       0 |   0.0
        D:4 |     794 |       0 |   0.0 |      23 |       0 |   0.0
        D:5 |     872 |     890 |  50.5 |      28 |       8 |  22.2
        D:6 |    1116 |       0 |   0.0 |      28 |       0 |   0.0
        D:7 |    1616 |     207 |  11.4 |      45 |       5 |  10.0
        D:8 |    1170 |       0 |   0.0 |      18 |       0 |   0.0
            +---------+---------+-------+---------+---------+-------
